[Event "Women Accentus DAQ Blitz 2022"]
[Site "Biel"]
[Date "2022.07.17"]
[Round "13.3"]
[White "Moracchini, Margaux"]
[Black "Avilova, Yulia"]
[Result "0-1"]
[ECO "B22"]
[WhiteElo "1937"]
[BlackElo "1646"]
[Annotator "TA"]
[PlyCount "81"]
[EventDate "2022.07.17"]
[EventType "tourn"]
[EventCountry "SUI"]
[SourceTitle "playchess.com"]
[Source "ChessBase"]
[SourceQuality "1"]
[TimeControl "180+2"]

1. e4 c5 2. c3 d6 3. d4 cxd4 4. cxd4 Nf6 5. Nc3 e6 6. g3 {[%emt 0:00:09] B22: Sicilian: 2 c3.} a6 {[%emt 0:00:01] [#]} 7. a4 $146 ({Predecessor:} 7. Bg2 Be7 8. Nge2 Nbd7 9. O-O O-O 10. h3 Rb8 11. f4 b5 12. e5 Ne8 13. Be3 {1-0 (53) Szabo,J (2190)-Balazs,A (2053) Hungary 2008}) 7... Be7 8. Bg2 {[%emt 0:00:01] White is slightly better.} O-O 9. Nge2 Qc7 (9... Nc6 $11) 10. O-O $14 Nc6 11. h3 (11. Be3 {seems wilder.} Ng4 12. Bf4 Qd8 13. h3) 11... b6 (11... d5 $11 {remains equal.}) 12. Be3 Bb7 13. f4 (13. Rc1 $16) 13... e5 14. d5 Nb8 15. fxe5 (15. Rc1 $16 {[%cal Oc3b5] Black must now prevent Nb5!} Nbd7 16. fxe5 Nxe5 17. Nb5 $1 ) 15... dxe5 $11 16. Rc1 {[%emt 0:00:03][%cal Oc3b5] Strongly threatening Nb5!} Qd8 (16... Bc5 $5 17. Qd3 Nbd7 $14) 17. Qb3 Nbd7 18. Kh2 Nc5 (18... Rc8 $11) 19. Qc2 ({Better is} 19. Bxc5 $14 Bxc5 20. a5) 19... Rc8 20. g4 Qd7 $2 (20... Ne8 $11) 21. Ng3 (21. g5 $18 Ne8 22. b4) 21... b5 (21... a5 $14) 22. axb5 $18 axb5 23. Qe2 $2 (23. g5 $18 Ne8 24. h4) 23... b4 $11 {[%emt 0:00:06] ...Ba6 is the strong threat.} 24. Bxc5 (24. Nb5 $11) 24... Bxc5 (24... Rxc5 $15 {is more appropriate.} 25. Nb1 Rxc1 26. Rxc1 Ne8) 25. Nd1 {[%emt 0:00:15] [#]} (25. Rxf6 $11 {keeps the balance.} bxc3 26. Rf3) 25... Qd6 {[%emt 0:00:11] Black is more active.} ({Black should try} 25... Bg1+ $1 $17 26. Rxg1 Rxc1) 26. g5 $2 {[%emt 0:00:06] Black keeps a firm grip on the game.} (26. Nf5 $11 {and White is okay.} Qa6 27. Qe1) 26... Ba6 $19 27. Qf3 Bxf1 {[%emt 0:00:02] This bishop pair is nice.} 28. gxf6 (28. Bxf1 $142 Nxd5 29. exd5 Bg1+ 30. Kxg1 Rxc1 31. Nf2) 28... Bxg2 29. Qxg2 (29. Kxg2 g6 30. Ra1) 29... Qxf6 {[%emt 0:00:02][%cal Oc5g1] aiming for ...Bg1+!} 30. Nh5 Qh6 {[%emt 0:00:03][%csl LRc1,LRh5] Threatens to win with ...Bg1+.} 31. Ng3 Qxc1 32. Nf5 Qf4+ 33. Kh1 g5 34. h4 f6 35. hxg5 fxg5 {[%emt 0:00:01] Black mates.} 36. Nh6+ Kh8 37. b3 Qh4+ 38. Qh2 Rf1+ 39. Kg2 Rg1+ 40. Qxg1 Bxg1 41. Kxg1 {[%emt 0:00:01] Weighted Error Value: White=1.17/Black=0.57} 0-1

[Event "Women Accentus DAQ Blitz 2022"]
[Site "Biel"]
[Date "2022.07.17"]
[Round "13.4"]
[White "Sumarriva Paulin, Laura"]
[Black "Keymer, Cecilia"]
[Result "1-0"]
[ECO "C54"]
[WhiteElo "1913"]
[BlackElo "1652"]
[Annotator "TA"]
[PlyCount "81"]
[EventDate "2022.07.17"]
[EventType "tourn"]
[EventCountry "SUI"]
[SourceTitle "playchess.com"]
[Source "ChessBase"]
[SourceQuality "1"]
[TimeControl "180+2"]

1. e4 e5 2. Bc4 Nc6 3. d3 Bc5 4. Nf3 Nf6 5. c3 a6 6. h3 d6 7. Bb3 Ba7 8. Nbd2 h6 {[%emt 0:00:06] C54: Giuoco Piano: 4 c3 Nf6, main lines with 5 d4 and 5 d3.} 9. Nf1 Ne7 10. Ng3 Ng6 {[%emt 0:00:01] White has an edge.} 11. O-O O-O 12. d4 exd4 13. cxd4 Re8 14. Re1 Be6 {[%emt 0:00:23] [#]} 15. Qc2 $146 (15. Bd2 $16) ({Predecessor:} 15. Bc2 c5 16. d5 Bd7 17. b3 b5 18. Bb2 c4 19. bxc4 bxc4 20. Bc3 Rb8 21. Qd2 {1-0 (78) Krause,B (2434)-Kirchner,T (2311) Magdeburg 2019}) 15... Bxb3 $11 16. Qxb3 Rb8 17. Bd2 Qd7 18. Bc3 Re7 ({Black should try} 18... d5 $14) 19. Rad1 b5 (19... d5 $16) 20. e5 (20. d5 $1 $18) 20... Ne8 21. a3 c5 22. exd6 (22. dxc5 $16 Bxc5 23. Bb4) 22... Rxe1+ 23. Rxe1 Qxd6 24. Nf5 Qd7 25. g4 $36 {[%emt 0:00:11][%mdl 2048] Threatens to win with Ne5. White fights for an advantage. 0x0.001b8328a852dp-1022s more active pieces.} cxd4 {[%emt 0:00:01] [#]} (25... c4 $14 26. Qd1 Nc7) 26. Bxd4 $2 ({Not} 26. N3xd4 Rd8 $11) (26. Bb4 $1 $18 Kh7 27. Ne7) 26... Bxd4 27. N3xd4 Nf6 28. Qb4 Rd8 29. Nf3 Nf4 $2 30. Kh2 $4 (30. Qxf4 $18 {and life is good for White.} Re8 {[#]} 31. Nxh6+ $1 gxh6 32. Qxf6) 30... Qd5 $4 31. Ne7+ $18 Kh7 32. Nxd5 N4xd5 33. Qc5 Rb8 34. Ne5 Nf4 35. Nxf7 {[%emt 0:00:02] Threatening mate with Qf5+.} Rf8 36. Ne5 (36. Qxf8 $142 Ng6 37. Qa8 h5 38. Qxa6 Nh4 39. Kg3 Ng6 40. Qxb5 h4+ 41. Kh2) 36... Re8 37. Nf3 Rxe1 38. Nxe1 Ne2 39. Nf3 {[%emt 0:00:02] White mates.} Nf4 40. Qf5+ Ng6 41. Nh4 {[%emt 0:00:01] Weighted Error Value: White=0.58/Black=1.02} 1-0

[Event "Women Accentus DAQ Blitz 2022"]
[Site "Biel"]
[Date "2022.07.17"]
[Round "14.1"]
[White "Cornileau, Juliette"]
[Black "Sumarriva Paulin, Laura"]
[Result "0-1"]
[ECO "D20"]
[WhiteElo "1900"]
[BlackElo "1913"]
[Annotator "TA"]
[PlyCount "32"]
[EventDate "2022.07.17"]
[EventType "tourn"]
[EventCountry "SUI"]
[SourceTitle "playchess.com"]
[Source "ChessBase"]
[SourceQuality "1"]
[TimeControl "180+2"]

1. d4 d5 2. c4 dxc4 3. e4 e5 4. d5 Nf6 5. Nc3 Bb4 $2 (5... b5 $1 $15 {keeps the upper hand.}) 6. Qc2 $2 {[%emt 0:00:07] [#] D20: Queen's Gambit Accepted: 3 e3 and 3 e4.} (6. Qa4+ $18 Nc6 7. dxc6 Bxc3+ 8. bxc3) 6... c6 $146 ({Predecessor:} 6... O-O 7. Nf3 Bxc3+ 8. bxc3 Qd6 9. Bxc4 a6 10. a4 Ng4 11. O-O Qg6 12. h3 Nf6 13. Nxe5 Qxe4 14. Qxe4 Nxe4 {1-0 (47) Knayer,B-Braeutigam,J freechess.de 2016}) 7. dxc6 ({White should try} 7. Bxc4 $15 cxd5 8. exd5) 7... Nxc6 (7... b5 $1 $19 8. Bd2 Nxc6 9. Nxb5 Bxd2+ 10. Qxd2 Qxd2+ 11. Kxd2 O-O 12. Bxc4 Rb8) 8. Bxc4 $17 {[%emt 0:00:03] Black is better.} O-O {[%emt 0:00:07] ...Nd4 is the strong threat.} 9. a3 (9. Bg5 $17) 9... Ba5 (9... Nd4 $19 {is more deadly.} 10. Qd3 b5 11. axb4 bxc4) 10. Nge2 (10. Bg5 $142) 10... Nd4 $36 {[%emt 0:00:12][%mdl 2048] Black has strong initiative.} 11. Qd3 {[%emt 0:00:13] [#]} Nxe2 {[%emt 0:00:31] Black is more active.} ({Black should play} 11... Nxe4 $1 $17 12. O-O (12. Qxe4 $2 Bf5 $19) 12... Nxc3 13. bxc3 Bf5) 12. Qxe2 $15 Qc7 {[%emt 0:00:14] Strongly threatening ...Bxc3+.} 13. O-O Be6 14. Bxe6 fxe6 15. Nb5 Qc6 16. Re1 $2 Bxe1 {[%emt 0:00:04] Weighted Error Value: White=1.26/Black=1.08} 0-1

[Event "Women Accentus DAQ Blitz 2022"]
[Site "Biel"]
[Date "2022.07.17"]
[Round "14.2"]
[White "Keymer, Cecilia"]
[Black "Moracchini, Margaux"]
[Result "0-1"]
[ECO "E62"]
[WhiteElo "1652"]
[BlackElo "1937"]
[Annotator "TA"]
[PlyCount "69"]
[EventDate "2022.07.17"]
[EventType "tourn"]
[EventCountry "SUI"]
[SourceTitle "playchess.com"]
[Source "ChessBase"]
[SourceQuality "1"]
[TimeControl "180+2"]

1. d4 Nf6 2. c4 g6 3. g3 Bg7 4. Bg2 d6 5. Nc3 O-O 6. Nf3 Nc6 7. O-O Bf5 8. Nh4 Bd7 9. e4 e5 10. Nf3 Bg4 11. d5 Nd4 12. h3 Bxf3 13. Bxf3 {[%emt 0:00:01] [#]} h5 $146 {[%emt 0:00:24] E62: King's Indian: Fianchetto: 6...c6 and Panno Variation (6...Nc6) without ...a6.} ({Predecessor:} 13... Nd7 14. Bg2 c5 15. Be3 f5 16. f4 exf4 17. Bxf4 Ne5 18. b3 g5 19. Be3 Ng6 20. Rc1 f4 21. Bxd4 Bxd4+ {0-1 (44) Franco Valencia,B (2159)-Barrientos Chavarriaga,S (2504) Cartagena 2019}) 14. Bg2 Nd7 15. Be3 c5 {[%emt 0:00:08] White is slightly better.} 16. Qd2 (16. dxc6 $14 bxc6 17. Ne2) 16... Bf6 17. Rfe1 Re8 18. Rad1 Nf8 19. Bxd4 (19. Rb1 $14) 19... exd4 20. Ne2 Bg5 (20... h4 $15) 21. Qd3 (21. f4 $5 Bf6 22. b4 $11) 21... Nd7 22. Qb3 b6 23. Nf4 (23. f4 $15 Bf6 24. Rf1) 23... Ne5 (23... h4 $17) 24. Qc2 (24. h4 $11 Bf6 25. Nd3) 24... Qf6 (24... h4 $17 25. Rf1 Qe7) 25. Nd3 $11 Bh6 26. Nxe5 Qxe5 27. Rd3 (27. h4 $11 {might be stronger.}) 27... Bg7 (27... h4 $1 $15) 28. Rf3 Re7 29. Ra3 Rae8 30. Qd3 {[%emt 0:00:00] [#]} (30. f4 $11 d3 31. Rxd3 Qxb2 32. Qxb2 Bxb2 33. Kh2) 30... Bh6 (30... f5 $1 $17) 31. Kh1 (31. Rf1 $11) 31... Qf6 (31... f5 $17 {White should prevent ...Qf6.} 32. h4 f4) 32. Kg1 (32. Rf1 $11 {keeps the balance.}) 32... Bg5 ({Black should play} 32... h4 $17) 33. f4 Bh6 34. Qf3 (34. h4 $11 {remains equal.}) 34... h4 $17 {[%emt 0:00:02] Threatens to win with ...hxg3.} 35. Kh2 {[%emt 0:00:07] Weighted Error Value: White=0.50/Black=0.45} (35. e5 $17 {was worth a try.} dxe5 36. fxe5) 0-1

[Event "Women Accentus DAQ Blitz 2022"]
[Site "Biel"]
[Date "2022.07.17"]
[Round "14.4"]
[White "Zhuang, Yongzhe"]
[Black "Tamrazyan, Gohar"]
[Result "1-0"]
[ECO "B22"]
[WhiteElo "1838"]
[BlackElo "1916"]
[Annotator "TA"]
[PlyCount "61"]
[EventDate "2022.07.17"]
[EventType "tourn"]
[EventCountry "SUI"]
[SourceTitle "playchess.com"]
[Source "ChessBase"]
[SourceQuality "1"]
[TimeControl "180+2"]

1. e4 c5 2. c3 d5 3. exd5 Qxd5 4. d4 Nc6 5. Nf3 Bg4 6. dxc5 Qxd1+ 7. Kxd1 O-O-O+ {[%emt 0:00:03] B22: Sicilian: 2 c3.} 8. Nbd2 e5 9. b4 e4 ({Black should try} 9... Nf6 $14) 10. h3 $16 Bxf3+ 11. gxf3 exf3 12. Kc2 Nf6 13. Nxf3 {[%emt 0:00:06] [#]} Be7 $146 ({Predecessor:} 13... g6 14. Ng5 Rd7 15. Bb5 h6 16. Nf3 Bg7 17. Bxc6 bxc6 18. Nd4 Ne4 19. Be3 Kb7 {1-0 (39) Wyza,M (1774)-Chua,J (1688) Buxton 2012}) 14. Be3 Nd5 15. Bd2 Bf6 16. Bc4 Rhe8 17. Rae1 {[%emt 0:00:06] [#] Prevents Re4. Rxe8 is the strong threat.} Re7 18. Rxe7 Ncxe7 19. a4 Nc6 20. Rd1 Ne5 $2 (20... Nxc3 {keeps fighting.} 21. Bxc3 Rxd1) 21. Nxe5 $18 Bxe5 22. Bg5 f6 $2 (22... Nf6 23. Re1 (23. Bxf7 Rxd1 24. Kxd1 Ne4 $16) 23... Bc7 24. Bxf7 Rf8) 23. Bxd5 fxg5 {[%emt 0:00:02] [#]} 24. Bxb7+ Kc7 {[%emt 0:00:02] White must now prevent ...Rxd1.} 25. Rxd8 Kxd8 {[%emt 0:00:01][%mdl 4096] Endgame KB-KB} 26. Be4 h5 27. Bf3 g6 $2 (27... Bh2 {was called for.} 28. Bxh5 Ke7) 28. Be4 g4 $2 (28... Kc8 29. Bxg6 h4) 29. hxg4 {[%emt 0:00:02] White is clearly winning.} h4 (29... hxg4 $142 30. a5 Kc7) 30. b5 g5 31. b6 {[%emt 0:00:03] Black got outplayed after the opening.  Weighted Error Value: White=0.08 (flawless) /Black=0.65} 1-0